 Dungeon Crawl Stone Soup version 0.28.0 (webtiles) character file.

Game seed: 4992154216594633498

239 fiver49 the Slasher (level 6, -2/47 HPs)
             Began as a Barachi Abyssal Knight on Feb 6, 2022.
             Was a Believer of Lugonu.
             Splashed by a jelly's acid (8 damage)
             ... on level 4 of the Dungeon.
             The game lasted 00:10:54 (3957 turns).

fiver49 the Slasher (Barachi Abyssal Knight)        Turns: 3957, Time: 00:10:55

Health: -2/47      AC: -4    Str: 16    XL:     6   Next: 7%
Magic:  8/8        EV: 10    Int: 11    God:    Lugonu [**....]
Gold:   36         SH:  0    Dex: 12    Spells: 5/5 levels left

rFire   . . .      SeeInvis .   b - +2 dagger (venom)
rCold   + . .      Faith    .   (no shield)
rNeg    . . .      Spirit   .   n - +2 ring mail {rC+}
rPois   .          Reflect  .   (no helmet)
rElec   .          Harm     .   (no cloak)
rCorr   .          Rampage  .   (no gloves)
Will    .....                   (no boots)
Stlth   +.........              (no amulet)
HPRegen 0.15/turn               (no ring)
MPRegen 0.11/turn               (no ring)

@: corroded, slow
A: amphibious, slowness 1, strong legs 1, +LOS
a: Hop, Renounce Religion, Depart the Abyss, Bend Space


You were on level 4 of the Dungeon.
You worshipped Lugonu.
Lugonu was pleased with you.
You visited 1 branch of the dungeon, and saw 4 of its levels.
You visited the Abyss 1 time.

You collected 190 gold pieces.
You spent 154 gold pieces at shops.

Inventory:

Hand Weapons
 a - a +1 falchion
 b - a +2 dagger of venom (weapon)
   (You took it off a kobold on level 1 of the Dungeon)
 g - a +1 whip of venom
   (You found it on level 2 of the Dungeon)
Missiles
 m - 6 atropa-tipped darts (quivered)
Armour
 e - a +0 leather armour
 f - a +0 scale mail
   (You found it on level 1 of the Dungeon)
 n - a +2 ring mail of cold resistance (worn)
   (You bought it in a shop on level 3 of the Dungeon)
Scrolls
 c - 3 scrolls of identify {unknown}
 d - a scroll of torment {unknown}
 h - a scroll of noise {unknown}
 i - a scroll of brand weapon {unknown}
 j - 2 scrolls of enchant weapon {unknown}
 k - a scroll of magic mapping {unknown}
 l - a scroll of teleportation {unknown}
 p - a scroll of blinking {unknown}
 q - a scroll of immolation {unknown}
 u - a scroll of fear {unknown}
Potions
 o - a potion of brilliance {unknown}
 r - a potion of heal wounds {unknown}
 s - a potion of haste {unknown}
 t - a potion of curing {unknown}
 v - a potion of degeneration {unknown}


   Skills:
 - Level 3.6 Fighting
 * Level 6.2 Long Blades
 - Level 2.4 Armour
 - Level 1.1 Dodging
 + Level 3.3 Invocations


You had 5 spell levels left.
You didn't know any spells.
Your spell library was empty.

Dungeon Overview and Level Annotations

Branches:
Dungeon (4/15)             Temple (0/1) D:4

Altars:

Shops:
D:3 *:*


Innate Abilities, Weirdness & Mutations

You are amphibious.
You cover ground slowly.
You can hop short distances.
You have an extended range of vision and can be seen from far away.


Message History

Lugonu accepts your kill.
A ball python comes into view.
The ball python hisses angrily.
You hear a shout!
Something hits you but does no damage. x2
Things that are here:
a +0 dagger; a +0 ring mail; a +0 quarterstaff You miss something.
You miss something. Something hits you but does no damage.
You hit something. Something hits you.
You barely miss something. Something hits you but does no damage.
You hit something but do no damage.
You hear some strange, mumbled words.
A puff of flame appears from out of thin air!
The puff of flame hits you.
You barely miss something. Your punch misses something.
Something hits you but does no damage.
You hit something but do no damage. Something hits you but does no damage.
You hit something but do no damage. You miss something. Something hits you.
You barely miss something. Lugonu accepts your kill.
Reactivating autopickup.
You feel a bit more experienced.
You hit the ball python.
The ball python is poisoned.
The ball python is moderately wounded.
You kill the ball python!
Lugonu accepts your kill.
An orc comes into view. It is wielding a +0 whip.
The orc shouts!
You hear a shout!
Items here: ))) [[.
An orc priest comes into view. It is wielding a +0 falchion.
You hit the orc.
The orc is poisoned.
The orc is lightly wounded.
The orc hits you with a +0 whip.
You hit the orc.
The orc looks as sick as possible!
The orc is heavily wounded.
The orc hits you with a +0 whip.
The orc priest calls upon Beogh to heal the orc.
The orc's wounds heal themselves!
You hit the orc.
The orc looks as sick as possible!
The orc is lightly wounded.
The orc hits you but does no damage.
You completely miss the orc.
The orc is moderately wounded.
The orc hits you but does no damage.
You hit the orc.
You kill the orc!
Lugonu accepts your kill.
Your Long Blades skill increases to level 6!
An orc comes into view. It is wielding a +0 hand axe.
A jelly comes into view.
Items here: )))) [[[ †.
The jelly quivers.
You hit the orc priest but do no damage.
You hit the orc priest.
The orc priest is poisoned.
The orc priest is moderately wounded.
The orc priest begins to cast a cantrip, but forgets the words!
You hit the orc priest but do no damage.
The orc priest looks as sick as possible!
The orc priest is moderately wounded.
You hit the orc priest.
The orc priest is almost dead.
You kill the orc priest!
Lugonu accepts your kill. The orc hits you with a +0 hand axe.
You have reached level 6!
You closely miss the orc. The orc hits you but does no damage.
You completely miss the orc. The orc hits you with a +0 hand axe.
You barely miss the orc. The orc barely misses you.
You hit the orc.
The orc is poisoned.
The orc is heavily wounded.
The orc barely misses you.
You barely miss the orc.
The orc is heavily wounded.
You kill the orc!
Lugonu accepts your kill.
You barely miss the jelly. You punch the jelly.
The jelly is lightly wounded.
You hit the jelly. The acid corrodes you!
Your hands burn!
The jelly is moderately wounded.
The jelly closely misses you.
You hit the jelly.
The jelly is poisoned.
Your hands burn!
The jelly is heavily wounded.
The jelly closely misses you.
You hit the jelly.
Your hands burn!
The jelly is severely wounded.
The jelly hits you. The acid corrodes you!
You are splashed with acid!
* * * LOW HITPOINT WARNING * * *
You hit the jelly but do no damage.
Your hands burn!
* * * LOW HITPOINT WARNING * * *
The jelly is almost dead.
The jelly hits you.
* * * LOW HITPOINT WARNING * * *
The acid corrodes you!
You are splashed with acid!
You die...

## #. .##### #. .#... #.
.#.# #. .<.# #. #.## ...#
.###... .### ... ..# o. .#
#.# #.# .# )# #.# #@#
#..## .#
#####.###J###.o.(.. .##
#.......#.).⌠....... ..##
#.####.........$.... ...##
#.#.#)....⌠.>.⌠...##
....###.....#.#..........#
....+..!..........⌠.......
....####....##########....
...## ##.#.# #..#


You could see a jelly (very poisoned).

Vanquished Creatures
  A scorpion (D:4)
  An orc priest (D:4)
  An orc wizard (D:4)
  5 adders
  2 worms
  3 orcs (D:4)
  4 bats
  10 endoplasms
  3 giant cockroaches (D:1)
  9 goblins
  5 hobgoblins
  2 jackals (D:3)
  A quokka (D:4)
  7 ball pythons
  A frilled lizard (D:1)
  9 kobolds
  5 rats
69 creatures vanquished.

Notes
Turn   | Place    | Note
-------+----------+-------------------------------------------
     0 | Abyss:1  | fiver49 the Barachi Abyssal Knight began the quest for the
                  | Orb.
     0 | Abyss:1  | Reached XP level 1. HP: 18/18 MP: 2/2
     9 | D:1      | Escaped the Abyss
    35 | D:1      | Found a faded altar of an unknown god.
   105 | D:1      | Reached skill level 3 in Long Blades
   254 | D:1      | Reached XP level 2. HP: 24/24 MP: 3/3
   508 | D:1      | Reached skill level 2 in Invocations
   660 | D:1      | HP: 6/24 [poisoned by a kobold]
   668 | D:1      | Reached XP level 3. HP: 7/29 MP: 4/4
   669 | D:1      | HP: 6/29 [endoplasm (1)]
  1090 | D:1      | Reached ** piety under Lugonu
  1555 | D:1      | Reached skill level 4 in Long Blades
  1961 | D:2      | Reached XP level 4. HP: 36/36 MP: 5/5
  2640 | D:3      | Found Ylughaf's Book Boutique.
  2656 | D:3      | Found Jamoimi's Assorted Antiques.
  2830 | D:3      | Found Jyanlem's Assorted Antiques.
  2855 | D:3      | Bought a glowing ring mail for 154 gold pieces
  2965 | D:3      | Identified the +1 leather armour of Dibeoban {*Slow rElec
                  | rF+ rC++}
  3188 | D:2      | Reached skill level 5 in Long Blades
  3657 | D:4      | Reached XP level 5. HP: 41/41 MP: 7/7
  3698 | D:4      | Found a staircase to the Ecumenical Temple.
  3713 | D:4      | Reached skill level 3 in Invocations
  3942 | D:4      | Reached skill level 6 in Long Blades
  3947 | D:4      | Reached XP level 6. HP: 29/47 MP: 8/8
  3956 | D:4      | HP: 10/47 [acid (7)]
  3957 | D:4      | Splashed by a jelly's acid

Illustrated notes

Levels and vault maps discovered:
D:1:      shiori_arrival_elements, layout_loops_ring,
          chequers_ecumenical_altar_simple_redux, hangedman_feature_mirror,
          st_stairs_3
D:2:      layout_basic
D:3:      layout_basic, serial_shops, shop, nicolae_shop_window_shopping,
          shop_coins, kennysheep_small_spiral
D:4:      layout_loops_corners, temple_fountains, serial_shops,
          nicolae_shop_waterfront, minmay_ogre_servants

Skill      XL: |  1  2  3  4  5 |
---------------+----------------+-----
Long Blades    | 3 4 5 6 |  6.2
Invocations    | 2 3 |  3.3
Fighting       | |  3.6
Armour         | |  2.4
Dodging        | |  1.1

Action                   |  1- 3 |  4- 6 || total
-------------------------+-------+-------++-------
Melee: Falchion          |    48 |       ||    48
       Dagger            |    51 |   134 ||   185
       Punch             |     3 |     3 ||     6
Throw: Dart              |       |     1 ||     1
Armor: Leather armour    |     7 |       ||     7
       Scale mail        |    18 |    22 ||    40
       Ring mail         |       |    26 ||    26
Dodge: Dodged            |    40 |    47 ||    87

Table legend: (Time is in decaauts)
 A = Elapsed time spent in this place.
 B = Non-inter-level travel time spent in this place.
 C = Inter-level travel time spent in this place.
 D = Time resting spent in this place.
 E = Time spent auto-exploring this place.
 F = Levels seen in this place.
 G = Mean time per level.
                   A        B        C        D        E       F      G
               +--------+--------+--------+--------+--------+-----+--------+
         Total |   4340 |   4265 |     75 |    709 |   2886 |   5 |  868.0 |
       Dungeon |   4330 |   4255 |     75 |    709 |   2886 |   4 | 1082.5 |
         Abyss |     10 |     10 |      0 |      0 |      0 |   1 |   10.0 |
               +--------+--------+--------+--------+--------+-----+--------+

Top non-repeatable levels by time:
     D:1: 1911 daAuts
     D:2: 1189 daAuts
     D:3: 792 daAuts
     D:4: 437 daAuts
 Abyss:1: 10 daAuts

Table legend:
 A = Kills in this place as a percentage of kills in entire the game.
 B = Kills by you in this place as a percentage of kills by you in the entire game.
 C = Kills by friends in this place as a percentage of kills by friends in the entire game.
 D = Other kills in this place as a percentage of other kills in the entire game.
 E = Experience gained in this place as a percentage of experience gained in the entire game.
 F = Experience gained in this place divided by the number of levels of this place that you have seen.
                   A       B       C       D       E      F
               +-------+-------+-------+-------+-------+----------------------
         Total | 100.0 | 100.0 |   N/A |   N/A | 100.0 |  68.4
       Dungeon | 100.0 | 100.0 |   N/A |   N/A | 100.0 |  85.5
               +-------+-------+-------+-------+-------+----------------------
